 Dungeon Crawl Stone Soup version 0.28.0-1-gb440e238dd (webtiles) character file.

Game seed: 12808237257470501945

2697 zeram the Slinger (level 9, -11/54 HPs)
             Began as an Octopode Hunter on Feb 20, 2022.
             Was an Initiate of Qazlal.
             Mangled by a hornet (12 damage)
             ... while paralysed by a hornet
             ... on level 8 of the Dungeon.
             The game lasted 00:17:14 (8132 turns).

zeram the Slinger (Octopode Hunter)                 Turns: 8132, Time: 00:17:16

Health: -11/54     AC:  1    Str: 11    XL:     9   Next: 65%
Magic:  9/9        EV:  2    Int: 17    God:    Qazlal [......]
Gold:   370        SH:  0    Dex: 13    Spells: 8/8 levels left

rFire   . . .      SeeInvis .   s - +2 dagger (venom)
rCold   . . .      Faith    .   e - +1 kite shield of Minor Irritation {rCorr}
rNeg    . . .      Spirit   .   (helmet restricted)
rPois   .          Reflect  .   p - amulet of regeneration
rElec   .          Harm     .   (no ring)
rCorr   +          Rampage  .   (no ring)
Will    .....                   (no ring)
Stlth   +++.......              (no ring)
HPRegen 0.98/turn               (no ring)
MPRegen 0.11/turn               (no ring)
                                (no ring)
                                (no ring)

@: paralysed, lethally poisoned (-11 -> -18), slowed
A: almost no armour, amphibious, 8 rings, camouflage 1, gelatinous body 1,
(nimble swimmer 1), tentacles
a: Renounce Religion


You were on level 8 of the Dungeon.
You worshipped Qazlal.
Qazlal was noncommittal.
You visited 2 branches of the dungeon, and saw 9 of its levels.
You also visited: Ossuary.

You collected 370 gold pieces.

Inventory:

Hand Weapons
 a - a +5 hunting sling
 b - a +0 short sword
 o - a +0 dagger
 s - a +2 dagger of venom (weapon)
Missiles
 c - a throwing net
 i - 163 stones (quivered)
 u - 37 sling bullets
Armour
 e - the +1 kite shield of Minor Irritation (worn) {rCorr}
   (You acquired it on level 1 of the Dungeon)

   rCorr:     It protects you from acid and corrosion.
Jewellery
 p - an amulet of regeneration (around mantle)
Wands
 v - a wand of flame (70)
Scrolls
 f - a scroll of amnesia
 g - 2 scrolls of magic mapping
 m - a scroll of teleportation
 n - a scroll of fog
 q - a scroll of torment {unknown}
 t - a scroll of identify
Potions
 d - 3 potions of flight
 h - a potion of magic
 j - 3 potions of mutation
 k - 3 potions of cancellation
 l - a potion of might
 z - a potion of lignification {unknown}


   Skills:
 - Level 2.0 Fighting
 * Level 10.4 Slings
 * Level 6.6 Dodging
 - Level 1.3 Stealth
 * Level 5.6 Shields


You had 8 spell levels left.
You didn't know any spells.
Your spell library contained the following spells:

 Spells                   Type           Power      Damage    Failure   Level
 Magic Dart               Conj           0%         1d3       54%         1
 Sting                    Tmut/Pois      0%         1d3       54%         1
 Poisonous Vapours        Pois/Air       0%         N/A       69%         2
 Searing Ray              Conj           0%         2d4       69%         2
 Frozen Ramparts          Ice            0%         1d2       89%         3
 Fulminant Prism          Conj/Hex       0%         3d6       100%        4
 Ice Form                 Ice/Tmut       0%         N/A       100%        4
 Olgreb's Toxic Radiance  Pois           0%         N/A       100%        4
 Summon Ice Beast         Ice/Summ       0%         N/A       100%        4
 Summon Forest            Summ/Tloc      0%         N/A       100%        5
 Eringya's Noxious Bog    Tmut/Pois      0%         N/A       100%        6
 Summon Hydra             Summ           0%         N/A       100%        7


Dungeon Overview and Level Annotations

Branches:
Dungeon (8/15)             Temple (1/1) D:6         Ossuary (visited)
   Lair: D:8-11

Altars:
Ashenzari
Dithmenos
Elyvilon
Fedhas
Gozag
Kikubaaqudgha
Nemelex Xobeh
Okawaru
Qazlal
Ru
Sif Muna
Vehumet
Wu Jian
Xom
Yredelemnul
Zin
The Shining One
Lugonu

Shops:
D:6 *

Annotations:
D:7 2 transporters, Menkaure; a3don's ghost, novice HOFi


Innate Abilities, Weirdness & Mutations

You cannot wear most types of armour.
You are amphibious.
You can wear up to eight rings at the same time.
Your skin changes colour to match your surroundings (Stealth+).
Your rubbery body absorbs attacks. (AC +1, EV +1)
((You are camouflaged when in or above water. (Stealth+)))
You have tentacles for arms and can constrict up to eight enemies at once.


Message History

The orc warrior is almost dead.
You constrict the orc warrior, but do no damage.
You block the orc warrior's attack.
The orc priest calls upon Beogh to heal the orc warrior.
The orc warrior is healed somewhat.
You block the orc warrior's attack.
You hit the orc warrior but do no damage.
You squeeze the orc warrior, but do no damage.
The orc warrior is severely wounded.
You constrict the orc warrior, but do no damage.
The orc warrior barely misses you.
You hit the orc warrior but do no damage.
The orc warrior looks as sick as possible!
You squeeze the orc warrior.
The orc warrior is almost dead.
You constrict the orc warrior.
You kill the orc warrior!
Qazlal accepts your kill. The hornet misses you.
You hit the hornet but do no damage. You grab the hornet.
You constrict the hornet. The hornet stings you.
You feel yourself slow down.
The orc priest looks satisfied for a moment.
You hit the hornet.
The hornet is poisoned.
You squeeze the hornet.
The hornet is lightly wounded.
You constrict the hornet, but do no damage.
The hornet misses you. You block the hornet's attack. The hornet stings you!
You are poisoned.
You suddenly lose the ability to move!
You lose your grip on the hornet.
You feel yourself speed up.
You feel very sick. The hornet stings you!
* * * LOW HITPOINT WARNING * * *
You are more poisoned.
You feel yourself slow down.
* * * LOW HITPOINT WARNING * * *
You feel very sick. The hornet stings you!
* * * LOW HITPOINT WARNING * * *
You feel as though you will be slow longer.
The hornet stings you!
You die...

#####. #......
######### .......
#.......#######.......
#._..._)#......$......
#.......#..... ..>....
..
##.....##.#.###.......
...
###'####....@yo......
...
#...^.##)####......
#.# #...........'
.....
#.####...#.##.####
.... #.............#
..# #.............# .#
#..)..........# .
#...)...≈≈≈...#
##.............#


You could see a hornet (very poisoned) and an orc priest.

Vanquished Creatures
  Prince Ribbit (D:7)
  Sigmund (D:6)
  A water moccasin (D:7)
  An ice beast (D:5)
  A black bear (D:5)
  2 orc warriors (D:8)
  An ogre (D:6)
  A centaur (D:6)
  Blork the orc (D:6)
  2 bullfrogs
  2 scorpions
  6 water moccasin zombies
  A wyvern skeleton (D:6)
  A water moccasin skeleton (D:5)
  A wight (D:8)
  A howler monkey (D:7)
  2 bullfrog zombies
  2 hounds
  2 centaur zombies
  An orc priest (D:8)
  2 centaur skeletons
  A gnoll shaman (D:4)
  Jessica (D:2)
  2 bullfrog skeletons (D:5)
  An iguana (D:5)
  3 orc wizards
  Natasha (D:4)
  2 hound skeletons (D:5)
  2 mummies (Ossuary)
  A howler monkey zombie (D:7)
  7 gnolls
  A howler monkey skeleton (D:3)
  7 adders
  2 shadow imps (D:6)
  A white imp (D:6)
  4 ufetubi
  5 adder zombies (Ossuary)
  2 worms (D:2)
  3 dart slugs
  13 orcs
  7 ball pythons
  5 bats
  2 endoplasms (D:3)
  6 giant cockroaches
  5 goblins
  5 hobgoblins
  8 kobolds
  2 quokkas
  2 ball python skeletons (D:3)
  2 ball python zombies (D:3)
  5 frilled lizards
  4 gnoll zombies (Ossuary)
  5 hobgoblin zombies (Ossuary)
  A jackal skeleton (D:3)
  5 kobold zombies (Ossuary)
  6 orc zombies (Ossuary)
  2 rats
164 creatures vanquished.

Notes
Turn   | Place    | Note
-------+----------+-------------------------------------------
     0 | D:1      | zeram the Octopode Hunter began the quest for the Orb.
     0 | D:1      | Reached XP level 1. HP: 14/14 MP: 1/1
   238 | D:1      | Reached XP level 2. HP: 19/19 MP: 2/2
   647 | D:1      | Identified a scroll of acquirement
   647 | D:1      | Acquired the +1 kite shield of Minor Irritation {rCorr}
   825 | D:2      | Reached XP level 3. HP: 12/24 MP: 3/3
  1144 | D:2      | Noticed Jessica
  1157 | D:2      | Killed Jessica
  1158 | D:2      | Reached skill level 5 in Slings
  1292 | D:2      | Reached XP level 4. HP: 29/29 MP: 4/4
  1966 | D:3      | Reached XP level 5. HP: 34/34 MP: 5/5
  2011 | D:3      | Reached skill level 1 in Shields
  2130 | D:3      | Found a white marble altar of Elyvilon.
  2177 | D:3      | Reached skill level 6 in Slings
  2688 | D:4      | Found a shimmering blue altar of Sif Muna.
  2825 | D:4      | Reached XP level 6. HP: 24/39 MP: 6/6
  2882 | D:4      | Reached skill level 7 in Slings
  2936 | D:5      | Entered Level 5 of the Dungeon
  3258 | D:4      | Found a sand-covered staircase.
  3269 | Ossuary  | Entered an ossuary
  3472 | Ossuary  | Reached XP level 7. HP: 26/45 MP: 7/7
  3806 | Ossuary  | Reached skill level 8 in Slings
  4578 | D:4      | Noticed Natasha
  4586 | D:4      | Killed Natasha
  4993 | D:5      | Reached XP level 8. HP: 41/50 MP: 8/8
  5116 | D:5      | Found a glowing golden altar of the Shining One.
  5728 | D:5      | Reached skill level 9 in Slings
  5808 | D:5      | Found a sacrificial altar of Ru.
  6121 | D:6      | Found Iaen's Incredible Inventory.
  6176 | D:6      | Reached skill level 5 in Dodging
  6303 | D:6      | Noticed Blork the orc
  6313 | D:6      | Killed Blork the orc
  6646 | D:6      | Found a sparkling altar of Nemelex Xobeh.
  6666 | D:6      | Found a basalt altar of Yredelemnul.
  6909 | D:6      | Noticed Sigmund
  6924 | D:6      | Killed Sigmund
  6925 | D:6      | Reached XP level 9. HP: 31/54 MP: 9/9
  7136 | D:6      | Found a staircase to the Ecumenical Temple.
  7151 | Temple   | Entered the Ecumenical Temple
  7190 | Temple   | Became a worshipper of Qazlal Stormbringer
  7267 | D:6      | Reached skill level 10 in Slings
  7454 | D:7      | Found an ancient bone altar of Kikubaaqudgha.
  7585 | D:7      | Reached skill level 5 in Shields
  7602 | D:7      | Noticed Prince Ribbit
  7618 | D:7      | Killed Prince Ribbit
  7654 | D:7      | Found a transporter.
  7654 | D:7      | Noticed a3don's ghost (novice HOFi)
  7656 | D:7      | Identified the +3 dire flail "Qelazimp" {flame, Int+2}
  7656 | D:7      | Identified the +11 dire flail of Zoxaq {venom, rF+}
  7656 | D:7      | Noticed a two-headed ogre
  7659 | D:7      | Found a transporter.
  7681 | D:7      | Found a radiant altar of Vehumet.
  7739 | D:7      | Noticed Menkaure
  7762 | D:7      | HP: 1/54 [ice beast (13)]
  8091 | D:8      | Found an opulent altar of Gozag.
  8091 | D:8      | Found a glowing silver altar of Zin.
  8115 | D:8      | Noticed a hornet
  8130 | D:8      | Paralysed by a hornet for 3 turns
  8132 | D:8      | HP: 1/54 [hornet (8)]
  8132 | D:8      | Mangled by a hornet

Illustrated notes

Levels and vault maps discovered:
D:1:      lemuel_arrival_river_bridge, layout_loops_ring
D:2:      layout_loops_ring, amethyst_killhole, minmay_pentomino_pile,
          uniq_jessica
D:3:      minmay_recursive_quarters, layout_rooms, elyvilon_altar_3,
          serial_undead, serial_undead_f, serial_undead_a, serial_undead_f,
          serial_undead_a, corexii_leaking_fountain, grunt_decor_one_mirror
D:4:      layout_loops_corners, nicolae_sif_muna_condensation,
          chequers_ossuary_entry_cave, uniq_natasha
D:5:      layout_basic, nicolae_ru_path_of_blood,
          mainiacjoe_overflow_surrounded_room
D:6:      layout_basic, jmf_multi_god_temple, minmay_temple_entry_grid,
          nicolae_alphabet_shops, uniq_sigmund, uniq_blork_the_orc
D:7:      layout_basic, vehumet_altar_wand_db, nicolae_uskayaw_dance_hall,
          lemuel_tele_altar, makhleb_blood_cavern_becter,
          lightli_temple_of_fire, gammafunk_ghost_smash, grunt_potential,
          uniq_menkaure, uniq_prince_ribbit1
D:8:      layout_basic, grunt_temple_overflow_gold_and_silver,
          cheibriados_altar_1, st_stairs_8
Temple:   corrupted_temple

Skill      XL: |  1  2  3  4  5  6  7  8  9 |
---------------+----------------------------+-----
Slings         | 5 6 7 8 9 10 | 10.4
Shields        | 1 2 4 5 |  5.6
Dodging        | 3 4 5 6 |  6.6
Fighting       | |  2.0
Stealth        | |  1.3

Action                   |  1- 3 |  4- 6 |  7- 9 || total
-------------------------+-------+-------+-------++-------
Melee: Short sword       |       |    48 |    79 ||   127
       Constrict         |       |    13 |    53 ||    66
       Tentacles         |       |    12 |    82 ||    94
       Dagger            |       |       |   157 ||   157
       Punch             |       |       |     7 ||     7
 Fire: Hunting sling     |    63 |   129 |   149 ||   341
  Use: Scroll            |     1 |     7 |    14 ||    22
       Potion            |       |       |     8 ||     8
 Stab: Sleeping          |       |     2 |     6 ||     8
Armor: Skin              |       |     5 |    16 ||    21
Dodge: Dodged            |     2 |    29 |   153 ||   184
Block: Kite shield       |     3 |    44 |   151 ||   198
